 Dungeon Crawl Stone Soup version 0.24.0-124-g2791043dd8 (webtiles) character file.

Game seed: 17514242117093538045, levelgen mode: deterministic

119 Descartes the Scratcher (level 4, -4/19 HPs)
             Began as a Felid Transmuter on Feb 16, 2020.
             Slain by a phantom (9 damage)
             ... on level 4 of the Dungeon.
             The game lasted 00:09:09 (3604 turns).

Descartes the Scratcher (Felid Transmuter)          Turns: 3604, Time: 00:09:10

Health: -4/19      AC:  1    Str:  7    XL:     4   Next: 74%
Magic:  9/9        EV: 19    Int: 14    God:
Gold:   141        SH:  0    Dex: 20    Spells: 5/8 levels left
                                        Lives:  0   Deaths: 1

rFire    . . .     SeeInvis +     - Unarmed
rCold    . . .     Gourm    .   (shield unavailable)
rNeg     . . .     Faith    .   (armour unavailable)
rPois    .         Spirit   .   (helmet unavailable)
rElec    .         Reflect  .   (cloak unavailable)
rCorr    .         Harm     .   (gloves unavailable)
MR       .....                  (boots unavailable)
Stlth    +++.......             (no amulet)
HPRegen  0.06/turn              f - +3 ring of dexterity
MPRegen  0.11/turn              (no ring)

@: quick
A: very small, no armour, no weapons or thrown items, stealth, claws 1, fangs 3,
see invisible, carnivore, speed 1, shaggy fur 1, slow metabolism 1, sharp paws
a: no special abilities


You were on level 4 of the Dungeon.
You were completely stuffed.

You visited 1 branch of the dungeon, and saw 4 of its levels.

You collected 141 gold pieces.

Inventory:

Missiles
 a - 128 arrows
 i - 84 stones
Jewellery
 f - a +3 ring of dexterity (left paw)
Wands
 m - a wand of flame (17)
Scrolls
 b - 4 scrolls of remove curse {unknown}
 d - 2 scrolls of teleportation {unknown}
 e - 3 scrolls of identify {unknown}
 g - a scroll of enchant weapon {unknown}
 o - a scroll of noise {unknown}
 p - a scroll of magic mapping {unknown}
Potions
 h - a potion of flight {unknown}
 j - a potion of cancellation {unknown}
 k - 2 potions of heal wounds
 l - a potion of lignification {unknown}
 n - 4 potions of curing {unknown}
Comestibles
 c - 4 rations
 q - 3 chunks of flesh


   Skills:
 + Level 2.0 Fighting
 + Level 3.6 Dodging
 + Level 2.6 Stealth
 * Level 4.3 Unarmed Combat
 + Level 2.7 Spellcasting
 - Level 3.0 Transmutations


You had 5 spell levels left.
You knew the following spells:

 Your Spells              Type           Power        Failure   Level  Hunger
a - Beastly Appendage     Tmut           ##....       6%          1    #......
b - Sticks to Snakes      Tmut           ##......     10%         2    ###....

Your spell library contained the following spells:

 Spells                   Type           Power        Failure   Level  Hunger
 Spider Form              Tmut/Pois      #.........   34%         3    ###....
 Ice Form                 Ice/Tmut       #.......     75%         4    #####..
 Blade Hands              Tmut           ##........   87%         5    ######.


Dungeon Overview and Level Annotations

Branches:
Dungeon (4/15)
 Temple: D:4-7

Altars:
Okawaru
Sif Muna
Uskayaw
Xom
Zin
The Shining One

Annotations:
D:2 Natasha


Innate Abilities, Weirdness & Mutations

You cannot wear armour.
You are incapable of wielding weapons or throwing items.
Your paws allow you to move quietly. (Stealth)
You have sharp claws.
You have razor-sharp teeth.
You have supernaturally acute eyesight. (SInv)
You are carnivorous and can eat meat at any time.
You cover ground quickly.
You are covered in fur. (AC +1)
You have a slow metabolism.
Your sharp claws are effective at attacking unaware monsters.


Message History

The phantom is heavily damaged.
The phantom misses you.
You miss the phantom.
The phantom is heavily damaged.
The phantom barely misses you.
You scratch the phantom but do no damage.
Your headbutt misses the phantom.
The phantom is heavily damaged.
The phantom barely misses you.
You scratch the phantom. Your bite misses the phantom.
The phantom is heavily damaged.
The phantom barely misses you.
You completely miss the phantom. Your bite misses the phantom.
The phantom is heavily damaged.
The phantom hits you but does no damage.
You scratch the phantom but do no damage.
The phantom is heavily damaged.
Your horns disappear.
The phantom hits you!
You die...

≈≈# .≈≈ ..≈ ..≈ §.≈ ###
## .≈≈ #.## ##.##
≈≈.###..# ##...##
##..#...####....@###
#..........##...W..##
#......##...###..[..##
............##.......#
.....................#
..........###.......##
......W...#............
.....|....#..........)#
.##.......#.......#...#


You could see a phantom.

Vanquished Creatures
  A crimson imp (D:2)
  Natasha (D:3)
  Robin (D:2)
  2 adders (D:3)
  5 oozes
  An adder skeleton (D:4)
  6 worms
  4 leopard geckos
  4 giant cockroaches
  11 goblins
  10 hobgoblins
  6 kobolds
  2 quokkas (D:3)
  4 bats
  2 frilled lizards
  8 rats
68 creatures vanquished.

Vanquished Creatures (others)
  A scorpion (D:4)
  A frilled lizard (D:4)
2 creatures vanquished.

Grand Total: 70 creatures vanquished

Notes
Turn   | Place    | Note
-------+----------+-------------------------------------------
     0 | D:1      | Descartes the Felid Transmuter began the quest for the Orb.
     0 | D:1      | Reached XP level 1. HP: 9/9 MP: 4/4
    73 | D:1      | Reached XP level 2. HP: 10/12 MP: 6/6
    82 | D:1      | Learned a level 2 spell: Sticks to Snakes
   143 | D:2      | Noticed a crimson imp
   166 | D:2      | Killed a crimson imp
   166 | D:2      | Reached skill level 1 in Stealth
   166 | D:2      | Reached XP level 3. HP: 12/15 MP: 7/7
   237 | D:2      | Found an iron altar of Okawaru.
   237 | D:2      | Found a hide-covered altar of Uskayaw.
  1302 | D:1      | Reached XP level 4. HP: 19/19 MP: 6/8
  1610 | D:2      | Found a shimmering blue altar of Sif Muna.
  1714 | D:2      | Found a glowing golden altar of the Shining One.
  1714 | D:2      | Found a glowing silver altar of Zin.
  1726 | D:2      | Noticed Robin
  2560 | D:2      | Killed Robin
  2560 | D:2      | Reached skill level 4 in Unarmed Combat
  2878 | D:3      | Noticed Natasha
  2892 | D:3      | Killed Natasha
  2892 | D:3      | Reached XP level 5. HP: 22/22 MP: 7/9
  2965 | D:3      | Noticed Natasha
  3027 | D:2      | Slain by Natasha
  3028 | D:2      | Reached XP level 4. HP: -4/19 MP: 8/8
  3540 | D:4      | Found a shimmering altar of Xom.
  3546 | D:4      | Noticed a phantom
  3604 | D:4      | Slain by a phantom

Levels and vault maps discovered:
D:1:      minmay_arrival_up_and_down, layout_basic
D:2:      kennysheep_six_static_rooms, layout_rooms,
          gammafunk_temple_overflow_wave, gammafunk_temple_overflow_forgotten,
          uniq_robin
D:3:      layout_rooms, minmay_splitting_lines, minmay_misc_feat_chi,
          uniq_natasha
D:4:      layout_cave_pools, fedhas_altar_fruit_tree, xom_confusion_cloud

Skill      XL: |  1  2  3  4 |
---------------+-------------+-----
Dodging        | 3 |  3.6
Stealth        | 1 2 |  2.6
Unarmed Combat | 4 |  4.3
Transmutations | 3 |  3.0
Fighting       | 2 |  2.0
Spellcasting   | |  2.7

Action                   |  1- 3 |  4- 6 || total
-------------------------+-------+-------++-------
Melee: Unarmed           |    74 |   144 ||   218
       Bite              |     4 |    15 ||    19
       Headbutt          |     4 |    26 ||    30
       Punch             |     1 |     1 ||     2
 Cast: Beastly Appendage |     6 |    38 ||    44
 Stab: Sleeping          |     2 |     9 ||    11
  Eat: Chunk             |     8 |    11 ||    19
Armor: Skin              |       |     5 ||     5
Dodge: Dodged            |    44 |   120 ||   164
